 Dungeon Crawl Stone Soup version 0.28.0-49-g6dfe1f597d (webtiles) character file.

Game seed: 10836550426536173823

77 Exodus22XD the Covered (level 4, 40/40 HPs)
             Began as a Minotaur Fighter on May 14, 2022.
             Was a Follower of Makhleb.
             Quit the game on level 2 of the Dungeon.
             The game lasted 00:01:26 (1181 turns).

Exodus22XD the Covered (Minotaur Fighter)           Turns: 1181, Time: 00:01:26

Health: 40/40      AC: 10    Str: 23    XL:     4   Next: 14%
Magic:  3/3        EV:  9    Int:  5    God:    Makhleb [*.....]
Gold:   38         SH:  4    Dex:  9    Spells: 3/3 levels left

rFire   + . .      SeeInvis .   a - +0 war axe
rCold   . . .      Faith    .   c - +0 buckler
rNeg    . . .      Spirit   .   b - +0 scale mail
rPois   .          Reflect  .   (helmet restricted)
rElec   .          Harm     .   o - +1 cloak
rCorr   .          Rampage  .   (no gloves)
Will    .....                   f - +0 pair of boots
Stlth   ..........              n - amulet of the acrobat
HPRegen 0.13/turn               g - ring of protection from fire
MPRegen 0.08/turn               (no ring)

@: no status effects
A: horns 2, retaliatory headbutt
a: Renounce Religion


You were on level 2 of the Dungeon.
You worshipped Makhleb.
Makhleb was aware of your devotion.
You visited 1 branch of the dungeon, and saw 2 of its levels.

You collected 38 gold pieces.

Inventory:

Hand Weapons
 a - a +0 war axe (weapon)
Armour
 b - a +0 scale mail (worn)
 c - a +0 buckler (worn)
 f - a +0 pair of boots (worn)
 o - a +1 cloak (worn)
Jewellery
 g - a ring of protection from fire (left hand)
 i - a ring of magical power
 n - an amulet of the acrobat (around neck)
Scrolls
 e - a scroll of enchant armour {unknown}
 h - a scroll of identify {unknown}
 k - a scroll of blinking {unknown}
 l - a scroll of vulnerability {unknown}
 m - a scroll of summoning {unknown}
 p - a scroll of holy word {unknown}
Potions
 d - a potion of might
 j - a potion of cancellation {unknown}


   Skills:
 + Level 4.2 Fighting
 + Level 3.7 Axes
 + Level 4.3 Armour
 + Level 4.2 Shields


You had 3 spell levels left.
You didn't know any spells.
Your spell library was empty.

Dungeon Overview and Level Annotations

Branches:
Dungeon (2/15)

Altars:
Makhleb


Innate Abilities, Weirdness & Mutations

You have a pair of horns on your head.
You reflexively headbutt those who attack you in melee.


Message History

You slash the rat!
You kill the rat!
Found a stone staircase leading down.
No target in view!
There is a stone staircase leading down here.
A kobold comes into view. It is wielding a +0 whip.
A kobold is nearby!
A kobold is nearby!
The kobold barely misses you.
A kobold is nearby!
You slash the kobold!
You kill the kobold!
A goblin comes into view. It is wielding a +0 dagger.
Found a faded altar of an unknown god.
Found an escape hatch in the floor.
The goblin shouts!
An adder comes into view.
The adder hisses angrily.
You closely miss the goblin. The goblin hits you but does no damage.
The goblin barely misses you.
You closely miss the goblin. The goblin hits you but does no damage.
You miss the adder. You barely miss the goblin. The goblin closely misses you.
You furiously retaliate!
You headbutt the goblin!
You kill the goblin!
The adder bites you but does no damage.
You have reached level 4!
You feel stronger.
You miss the adder. The adder barely misses you. You furiously retaliate!
You headbutt the adder!
You kill the adder!
No target in view!
No target in view!
No target in view!
You see here a +0 dagger.
Found a scroll labelled JENLYS ASON.
There is a faded altar of an unknown god here.
You cannot tell which god this altar belongs to.
Convert to them anyway?
Makhleb accepts your prayer! Makhleb welcomes you!
You can now gain health from killing.
Are you sure you want to abandon this character and quit the game? (Confirm with "yes".)

.......>..............)...
#######..####.#.##########
.#..##.####.#.##########
....##..........<......
.....#####.#.###.######
#...##....)....#
#...####......######
#....).......##....
#>@..†.......##....
#............##....
#...#########.##....
#...## .##.... ....#
##.... #?..# #.... #..#
##### ### ## ..


There were no monsters in sight!

Vanquished Creatures
  3 adders (D:2)
  6 endoplasms
  3 giant cockroaches
  5 goblins
  8 hobgoblins
  5 quokkas (D:1)
  2 ball pythons
  4 bats
  A frilled lizard (D:2)
  5 kobolds
  2 rats
44 creatures vanquished.

Notes
Turn   | Place    | Note
-------+----------+-------------------------------------------
     0 | D:1      | Exodus22XD the Minotaur Fighter began the quest for the
                  | Orb.
     0 | D:1      | Reached XP level 1. HP: 19/19 MP: 0/0
   122 | D:1      | Reached XP level 2. HP: 27/27 MP: 1/1
   480 | D:1      | Reached XP level 3. HP: 33/33 MP: 2/2
  1170 | D:2      | Found a faded altar of an unknown god.
  1175 | D:2      | Reached XP level 4. HP: 40/40 MP: 3/3
  1180 | D:2      | Prayed at the altar of an unknown god.
  1180 | D:2      | Became a worshipper of Makhleb the Destroyer
  1180 | D:2      | Reached * piety under Makhleb
  1181 | D:2      | Quit the game

Illustrated notes

Levels and vault maps discovered:
D:1:      co_arrival_random_square_maze, layout_basic
D:2:      layout_basic, hellmonk_ecumenical_altar_crossroads

Skill      XL: |  1  2  3 |
---------------+----------+-----
Armour         | 4 |  4.3
Shields        | 4 |  4.2
Fighting       | 4 |  4.2
Axes           | 3 |  3.7

Action                   |  1- 3 |  4- 6 || total
-------------------------+-------+-------++-------
Melee: War axe           |   107 |     1 ||   108
       Headbutt          |    14 |       ||    14
Armor: Scale mail        |    64 |       ||    64
Dodge: Dodged            |    47 |     1 ||    48
Block: Buckler           |    20 |       ||    20
